General information
- name: BNet
- type: Ladder team game (AT/RT)
- host: Battle.net
- saver: EMMAWATSONUGLY
map: Deadlock
- players: 8
- length: 112:41
- speed: Fast
- version: 1.26 W3XP
- replay type: Public
» download(542 KB)
Players
team 1 (loser)
orcing2 (
teal | 33 APM | 3121 actions | 94:13)
8 Blademaster
3 Wind Walk
3 Critical Strike
1 Bladestorm
1 Mirror Image
» actions
| Assign group hotkey | 89 | |
| Basic commands | 54 | |
| Build / train | 81 | |
| ESC pressed | 3 | |
| Enter build submenu | 36 | |
| Enter hero's abilities submenu | 8 | |
| Give item / drop item | 4 | |
| Remove unit from queue | 1 | |
| Right click | 1853 | |
| Select / deselect | 500 | |
| Select group hotkey | 220 | |
| Use ability | 272 | |
3121 total
» units
| Peon | 26 | |
| Grunt | 4 | |
| Raider | 1 | |
| Wind Rider | 7 | |
| Kodo Beast | 1 | |
39 total
» upgrades
| Berserker Strength | 1 | |
| Ensnare | 1 | |
| Melee Weapons | 1 | |
| Envenomed Spears | 1 | |
| Reinforced Defenses | 1 | |
| Armor | 1 | |
| Shaman Training | 1 | |
7 total
» buildings
| Altar of Storms | 3 | |
| Orc Burrow | 9 | |
| Barracks | 1 | |
| Voodoo Lounge | 1 | |
| Stronghold | 2 | |
| War Mill | 3 | |
| Fortress | 1 | |
| Beastiary | 5 | |
| Great Hall | 2 | |
| Spirit Lodge | 1 | |
| Watch Tower | 6 | |
34 total
» build order
00:07 Altar of Storms
00:18 Orc Burrow
00:40 Barracks
01:37 Orc Burrow
02:05 Voodoo Lounge
03:09 Stronghold
04:35 War Mill
05:20 Orc Burrow
05:36 Fortress
05:38 Beastiary
05:40 Beastiary
07:50 Orc Burrow
08:04 Orc Burrow
08:08 Great Hall
08:35 Spirit Lodge
13:26 Watch Tower
13:33 Orc Burrow
13:47 Watch Tower
14:13 Watch Tower
14:16 Orc Burrow
14:22 Beastiary
16:22 Beastiary
16:23 Beastiary
17:26 Watch Tower
17:51 Watch Tower
18:06 Altar of Storms
18:09 Watch Tower
19:24 Orc Burrow
19:46 Altar of Storms
19:50 Orc Burrow
21:22 Great Hall
27:29 War Mill
27:34 War Mill
» items
| Healing Salve | 8 | |
| Lesser Clarity Potion | 5 | |
| Orb of Lightning | 1 | |
| Scroll of Speed | 1 | |
| Scroll of Town Portal | 1 | |
| Potion of Healing | 1 | |
| Potion of Lesser Invulnerability | 2 | |
| Boots of Speed | 1 | |
20 total

»
mattybatty (
purple | 93 APM | 8967 actions | 96:09)
7 Tauren Chieftain
3 War Stomp
3 Endurance Aura
1 Reincarnation
» actions
| Assign group hotkey | 59 | |
| Basic commands | 13 | |
| Build / train | 171 | |
| ESC pressed | 18 | |
| Enter build submenu | 56 | |
| Enter hero's abilities submenu | 7 | |
| Give item / drop item | 14 | |
| Remove unit from queue | 7 | |
| Right click | 5193 | |
| Select / deselect | 940 | |
| Select group hotkey | 1895 | |
| Use ability | 593 | |
8967 total
» units
| Peon | 24 | |
| Grunt | 9 | |
| Tauren | 12 | |
| Shaman | 14 | |
| Troll Witch Doctor | 7 | |
| Troll Batrider | 7 | |
73 total
» upgrades
| Berserker Strength | 1 | |
| Shaman Training | 2 | |
| Witch Doctor Training | 2 | |
| Reinforced Defenses | 1 | |
| Pulverize | 1 | |
7 total
» buildings
| Orc Burrow | 12 | |
| Altar of Storms | 2 | |
| Barracks | 1 | |
| War Mill | 2 | |
| Voodoo Lounge | 2 | |
| Stronghold | 9 | |
| Great Hall | 10 | |
| Watch Tower | 32 | |
| Spirit Lodge | 2 | |
| Fortress | 4 | |
| Tauren Totem | 2 | |
| Beastiary | 2 | |
80 total
» build order
00:10 Orc Burrow
00:20 Altar of Storms
01:19 Barracks
01:32 Orc Burrow
01:49 War Mill
02:59 Voodoo Lounge
03:14 Orc Burrow
04:04 Stronghold
04:04 Stronghold
04:04 Stronghold
06:22 Great Hall
06:24 Watch Tower
06:26 Watch Tower
06:27 Watch Tower
06:29 Watch Tower
06:51 Spirit Lodge
07:23 Fortress
07:23 Fortress
07:24 Fortress
07:58 Orc Burrow
08:22 Spirit Lodge
09:00 Watch Tower
09:34 Orc Burrow
09:38 Watch Tower
10:38 Watch Tower
11:18 Tauren Totem
12:01 Tauren Totem
12:15 Orc Burrow
14:48 Orc Burrow
15:29 Orc Burrow
15:38 Watch Tower
16:07 Orc Burrow
17:45 Watch Tower
17:45 Watch Tower
17:46 Watch Tower
17:47 Watch Tower
17:47 Watch Tower
17:49 Watch Tower
17:53 Watch Tower
17:54 Watch Tower
17:54 Watch Tower
17:55 Watch Tower
17:56 Watch Tower
17:56 Watch Tower
17:57 Watch Tower
18:59 Watch Tower
20:23 Watch Tower
20:24 Watch Tower
20:25 Watch Tower
20:25 Watch Tower
20:30 Watch Tower
20:54 Watch Tower
20:56 Watch Tower
21:46 Great Hall
25:09 Great Hall
25:30 Watch Tower
25:33 Watch Tower
25:36 Watch Tower
29:17 Great Hall
30:30 Orc Burrow
36:11 Great Hall
38:41 Great Hall
49:40 Great Hall
53:37 Great Hall
56:58 Great Hall
58:07 Great Hall
61:02 Stronghold
61:02 Stronghold
61:03 Stronghold
61:03 Stronghold
61:05 Orc Burrow
62:02 Altar of Storms
63:18 War Mill
63:24 Beastiary
63:27 Beastiary
64:14 Orc Burrow
64:41 Voodoo Lounge
» items
| Potion of Lesser Invulnerability | 8 | |
| Healing Salve | 2 | |
| Orb of Lightning | 1 | |
| Scroll of Town Portal | 21 | |
| Lesser Clarity Potion | 3 | |
| Potion of Healing | 3 | |
| Staff of Teleportation | 2 | |
| Potion of Invisibility | 5 | |
| Scroll of Regeneration | 3 | |
48 total
ltsChrisBaby (
pink | 62 APM | 5852 actions | 94:05)
6 Dark Ranger
3 Black Arrow
2 Life Drain
1 Charm
2 Shadow Hunter
1 Healing Wave
1 Hex
1 Paladin
1 Holy Light
» actions
| Assign group hotkey | 159 | |
| Basic commands | 160 | |
| Build / train | 361 | |
| ESC pressed | 17 | |
| Enter build submenu | 111 | |
| Enter hero's abilities submenu | 10 | |
| Give item / drop item | 25 | |
| Remove unit from queue | 2 | |
| Right click | 2368 | |
| Select / deselect | 788 | |
| Select group hotkey | 1438 | |
| Use ability | 413 | |
5852 total
» units
| Peasant | 35 | |
| Footman | 6 | |
| Sorceress | 4 | |
| Mortar Team | 17 | |
| Gryphon Rider | 1 | |
| Dragonhawk Rider | 3 | |
| Peon | 1 | |
| Wind Rider | 1 | |
68 total
» upgrades
| Masonry | 3 | |
| Swords | 1 | |
| Gunpowder | 3 | |
| Lumber Harvesting | 2 | |
| Sorceress Training | 2 | |
| Defend | 1 | |
| Armor | 6 | |
| Fragmentation Shards | 1 | |
| Animal War Training | 1 | |
| Storm Hammers | 1 | |
| Cloud | 1 | |
| Spiked Barricades | 1 | |
| Reinforced Defenses | 2 | |
| Ranged Weapons | 3 | |
| Melee Weapons | 1 | |
29 total
» buildings
| Barracks | 2 | |
| Altar of Kings | 3 | |
| Farm | 12 | |
| Lumber Mill | 3 | |
| Arcane Vault | 2 | |
| Town Hall | 6 | |
| Keep | 15 | |
| Blacksmith | 1 | |
| Scout Tower | 68 | |
| Guard Tower | 109 | |
| Arcane Tower | 4 | |
| Castle | 7 | |
| Workshop | 5 | |
| Arcane Sanctum | 1 | |
| Gryphon Aviary | 4 | |
| Great Hall | 2 | |
| War Mill | 1 | |
| Altar of Storms | 1 | |
| Stronghold | 6 | |
| Watch Tower | 2 | |
| Fortress | 2 | |
| Beastiary | 2 | |
258 total
» build order
00:37 Barracks
00:39 Altar of Kings
00:48 Farm
01:05 Farm
01:42 Farm
02:07 Lumber Mill
02:14 Arcane Vault
02:22 Farm
04:08 Town Hall
05:29 Keep
05:29 Keep
05:29 Keep
05:35 Blacksmith
05:42 Scout Tower
05:44 Scout Tower
05:45 Scout Tower
05:47 Scout Tower
05:50 Scout Tower
05:54 Scout Tower
05:56 Scout Tower
05:59 Scout Tower
06:02 Scout Tower
06:13 Guard Tower
06:13 Guard Tower
06:13 Guard Tower
06:40 Guard Tower
06:40 Guard Tower
06:40 Guard Tower
06:40 Guard Tower
06:42 Arcane Tower
06:42 Arcane Tower
06:43 Arcane Tower
06:45 Guard Tower
06:45 Guard Tower
06:45 Guard Tower
06:46 Guard Tower
06:46 Guard Tower
06:47 Guard Tower
06:49 Guard Tower
06:52 Guard Tower
07:57 Castle
07:58 Castle
08:08 Workshop
08:10 Arcane Sanctum
08:53 Guard Tower
08:54 Guard Tower
08:54 Guard Tower
08:54 Guard Tower
09:01 Guard Tower
09:01 Guard Tower
10:32 Farm
10:36 Farm
10:39 Workshop
10:42 Workshop
11:13 Farm
13:43 Gryphon Aviary
13:44 Gryphon Aviary
15:20 Scout Tower
15:20 Scout Tower
15:21 Scout Tower
15:22 Scout Tower
15:22 Scout Tower
15:24 Scout Tower
15:28 Scout Tower
15:30 Scout Tower
16:30 Guard Tower
16:31 Guard Tower
16:31 Guard Tower
18:45 Town Hall
18:46 Scout Tower
18:47 Scout Tower
18:47 Scout Tower
18:48 Scout Tower
18:49 Scout Tower
18:49 Scout Tower
18:50 Scout Tower
18:50 Scout Tower
18:51 Scout Tower
18:52 Scout Tower
18:53 Scout Tower
18:54 Scout Tower
18:54 Scout Tower
18:55 Scout Tower
18:55 Scout Tower
19:09 Town Hall
19:31 Guard Tower
19:31 Guard Tower
20:29 Guard Tower
20:29 Guard Tower
20:29 Guard Tower
21:25 Guard Tower
21:25 Guard Tower
23:27 Keep
23:28 Keep
23:48 Lumber Mill
23:52 Scout Tower
23:57 Scout Tower
23:57 Scout Tower
24:00 Scout Tower
25:16 Guard Tower
25:16 Guard Tower
25:16 Guard Tower
26:13 Keep
26:14 Keep
26:14 Keep
26:16 Scout Tower
26:16 Scout Tower
26:17 Scout Tower
26:17 Scout Tower
26:18 Scout Tower
26:19 Scout Tower
26:23 Scout Tower
26:49 Guard Tower
26:50 Guard Tower
26:50 Guard Tower
26:51 Guard Tower
26:51 Guard Tower
26:51 Guard Tower
26:53 Scout Tower
26:55 Guard Tower
26:56 Guard Tower
26:56 Guard Tower
26:56 Guard Tower
26:56 Guard Tower
26:57 Guard Tower
27:24 Guard Tower
27:24 Guard Tower
27:25 Guard Tower
27:26 Guard Tower
27:27 Guard Tower
27:52 Keep
27:52 Keep
27:53 Keep
29:13 Altar of Kings
30:11 Altar of Kings
30:30 Lumber Mill
30:33 Scout Tower
30:34 Scout Tower
30:35 Scout Tower
30:36 Scout Tower
30:38 Scout Tower
31:07 Farm
31:08 Farm
31:10 Guard Tower
31:10 Guard Tower
31:11 Guard Tower
31:12 Guard Tower
31:12 Guard Tower
31:13 Farm
31:13 Farm
31:14 Farm
32:01 Arcane Vault
32:03 Castle
32:04 Castle
32:04 Castle
35:40 Workshop
35:42 Workshop
36:09 Town Hall
36:13 Scout Tower
36:14 Scout Tower
36:14 Scout Tower
36:15 Scout Tower
36:16 Scout Tower
36:18 Scout Tower
36:47 Guard Tower
36:47 Guard Tower
36:47 Guard Tower
37:42 Guard Tower
37:42 Guard Tower
38:42 Town Hall
38:46 Town Hall
39:42 Scout Tower
42:43 Gryphon Aviary
42:44 Gryphon Aviary
43:37 Scout Tower
43:42 Scout Tower
43:58 Scout Tower
44:04 Guard Tower
44:05 Guard Tower
44:08 Guard Tower
44:08 Guard Tower
44:08 Guard Tower
44:12 Scout Tower
44:14 Scout Tower
44:39 Guard Tower
44:39 Guard Tower
44:40 Guard Tower
44:42 Guard Tower
44:42 Guard Tower
49:36 Scout Tower
54:00 Great Hall
56:26 War Mill
56:40 Altar of Storms
57:01 Stronghold
57:01 Stronghold
57:44 Watch Tower
58:30 Barracks
58:55 Great Hall
59:04 Scout Tower
59:05 Scout Tower
59:06 Scout Tower
59:07 Scout Tower
59:10 Scout Tower
59:29 Fortress
59:29 Fortress
59:40 Guard Tower
59:40 Guard Tower
59:41 Guard Tower
59:41 Guard Tower
59:41 Guard Tower
59:42 Guard Tower
59:43 Guard Tower
59:44 Scout Tower
60:21 Guard Tower
60:21 Guard Tower
64:09 Beastiary
64:11 Beastiary
67:50 Watch Tower
72:47 Stronghold
72:47 Stronghold
72:48 Stronghold
» items
| Scroll of Regeneration | 15 | |
| Lesser Clarity Potion | 13 | |
| Mechanical Critter | 3 | |
| Scroll of Town Portal | 17 | |
| Ivory Tower | 3 | |
| Periapt of Vitality | 3 | |
| Potion of Lesser Invulnerability | 2 | |
| Staff of Teleportation | 3 | |
| Staff of Sanctuary | 4 | |
| Orb of Lightning | 1 | |
| Scroll of Healing | 2 | |
| Scroll of Protection | 2 | |
| Potion of Mana | 1 | |
| Boots of Speed | 2 | |
| Circlet of Nobility | 2 | |
73 total
THEPOUNDER.COM (
blue | 33 APM | 3096 actions | 94:02)
9 Blademaster
3 Wind Walk
3 Critical Strike
1 Bladestorm
2 Mirror Image
» actions
| Assign group hotkey | 31 | |
| Basic commands | 74 | |
| Build / train | 124 | |
| Enter build submenu | 76 | |
| Enter hero's abilities submenu | 9 | |
| Give item / drop item | 13 | |
| Remove unit from queue | 8 | |
| Right click | 1619 | |
| Select / deselect | 616 | |
| Select group hotkey | 210 | |
| Use ability | 316 | |
3096 total
» units
| Peon | 21 | |
| Troll Batrider | 33 | |
| Demolisher | 1 | |
| Spirit Walker | 1 | |
56 total
» upgrades
| Ranged Weapons | 3 | |
| Liquid Fire | 1 | |
| Reinforced Defenses | 1 | |
| Spiked Barricades | 3 | |
| Armor | 3 | |
| Burning Oil | 1 | |
| Spirit Walker Training | 2 | |
| Melee Weapons | 1 | |
| Shaman Training | 1 | |
| Witch Doctor Training | 1 | |
| Pillage | 1 | |
| Ensnare | 1 | |
| War Drums Damage Increase | 1 | |
| Envenomed Spears | 1 | |
| Berserker Upgrade | 1 | |
| Troll Regeneration | 1 | |
23 total
» buildings
| Altar of Storms | 1 | |
| Orc Burrow | 5 | |
| War Mill | 1 | |
| Voodoo Lounge | 1 | |
| Watch Tower | 54 | |
| Stronghold | 1 | |
| Beastiary | 3 | |
| Fortress | 1 | |
| Great Hall | 5 | |
| Barracks | 1 | |
| Spirit Lodge | 1 | |
74 total
» build order
00:08 Altar of Storms
00:25 Orc Burrow
01:04 War Mill
01:10 Voodoo Lounge
02:38 Watch Tower
02:39 Watch Tower
02:46 Orc Burrow
03:21 Stronghold
03:41 Watch Tower
04:42 Watch Tower
04:43 Watch Tower
05:19 Orc Burrow
05:28 Watch Tower
07:03 Beastiary
07:04 Beastiary
07:20 Watch Tower
07:21 Watch Tower
08:08 Orc Burrow
08:12 Fortress
10:25 Great Hall
11:58 Watch Tower
11:58 Watch Tower
11:59 Watch Tower
12:15 Watch Tower
13:16 Watch Tower
13:16 Watch Tower
13:18 Watch Tower
13:22 Watch Tower
14:30 Watch Tower
14:33 Watch Tower
14:51 Watch Tower
14:54 Watch Tower
15:00 Watch Tower
16:54 Watch Tower
16:58 Watch Tower
16:59 Watch Tower
17:05 Watch Tower
17:06 Watch Tower
18:07 Watch Tower
18:08 Watch Tower
18:24 Watch Tower
18:27 Watch Tower
18:30 Barracks
23:39 Great Hall
23:42 Watch Tower
23:42 Watch Tower
23:43 Watch Tower
23:43 Watch Tower
24:49 Watch Tower
24:50 Watch Tower
24:50 Watch Tower
24:52 Watch Tower
26:03 Beastiary
30:08 Great Hall
30:11 Watch Tower
31:26 Watch Tower
31:27 Watch Tower
31:27 Watch Tower
31:28 Watch Tower
32:28 Watch Tower
33:22 Watch Tower
33:25 Watch Tower
33:27 Watch Tower
33:31 Watch Tower
33:39 Great Hall
34:20 Orc Burrow
39:21 Spirit Lodge
39:27 Watch Tower
39:28 Watch Tower
39:28 Watch Tower
39:29 Watch Tower
39:31 Watch Tower
39:33 Watch Tower
58:47 Great Hall
» items
| Healing Salve | 4 | |
| Lesser Clarity Potion | 12 | |
| Scroll of Speed | 1 | |
| Circlet of Nobility | 3 | |
| Boots of Speed | 1 | |
| Staff of Teleportation | 2 | |
| Orb of Lightning | 1 | |
24 total
team 2 (winner)

»
Orange97 (
yellow | 140 APM | 7331 actions | 52:18)
8 Mountain King
3 Storm Bolt
3 Bash
1 Avatar
1 Thunder Clap
7 Paladin
3 Holy Light
1 Divine Shield
3 Devotion Aura
» actions
| Assign group hotkey | 53 | |
| Basic commands | 240 | |
| Build / train | 127 | |
| ESC pressed | 3 | |
| Enter build submenu | 44 | |
| Enter hero's abilities submenu | 15 | |
| Right click | 3228 | |
| Select / deselect | 876 | |
| Select group hotkey | 2496 | |
| Use ability | 247 | |
7331 total
» units
| Peasant | 27 | |
| Footman | 8 | |
| Dragonhawk Rider | 11 | |
| Gryphon Rider | 5 | |
| Flying Machine | 3 | |
54 total
» upgrades
| Masonry | 2 | |
| Defend | 1 | |
| Lumber Harvesting | 2 | |
| Armor | 3 | |
| Animal War Training | 1 | |
| Cloud | 1 | |
| Storm Hammers | 1 | |
| Swords | 2 | |
13 total
» buildings
| Altar of Kings | 2 | |
| Farm | 12 | |
| Barracks | 2 | |
| Scout Tower | 16 | |
| Arcane Tower | 4 | |
| Lumber Mill | 1 | |
| Town Hall | 3 | |
| Guard Tower | 9 | |
| Keep | 1 | |
| Arcane Vault | 2 | |
| Blacksmith | 1 | |
| Castle | 1 | |
| Gryphon Aviary | 3 | |
| Workshop | 1 | |
58 total
» build order
00:03 Altar of Kings
00:06 Altar of Kings
00:21 Farm
00:35 Barracks
00:48 Farm
01:31 Farm
01:46 Scout Tower
02:11 Farm
02:17 Arcane Tower
02:53 Farm
04:32 Lumber Mill
05:29 Town Hall
05:50 Scout Tower
06:06 Scout Tower
06:08 Scout Tower
06:18 Arcane Tower
06:19 Scout Tower
06:42 Guard Tower
07:12 Keep
07:55 Arcane Vault
07:56 Guard Tower
08:02 Guard Tower
08:19 Scout Tower
08:21 Arcane Vault
08:32 Blacksmith
09:00 Guard Tower
09:35 Castle
10:20 Scout Tower
10:28 Gryphon Aviary
10:29 Gryphon Aviary
10:30 Gryphon Aviary
10:34 Farm
10:35 Farm
10:37 Farm
10:38 Farm
10:40 Scout Tower
11:26 Guard Tower
11:34 Guard Tower
13:51 Scout Tower
13:52 Scout Tower
13:55 Guard Tower
14:11 Barracks
14:26 Guard Tower
14:30 Guard Tower
20:54 Farm
20:54 Farm
20:56 Farm
21:14 Scout Tower
24:38 Workshop
25:29 Scout Tower
27:29 Scout Tower
28:05 Arcane Tower
28:06 Scout Tower
28:36 Town Hall
39:18 Town Hall
39:22 Scout Tower
41:08 Arcane Tower
49:37 Scout Tower
» items
| Dust of Appearance | 1 | |
| Boots of Speed | 1 | |
| Scroll of Healing | 3 | |
| Potion of Lesser Invulnerability | 3 | |
| Lesser Clarity Potion | 6 | |
| Scroll of Regeneration | 4 | |
| Scroll of Town Portal | 3 | |
| Potion of Mana | 1 | |
| Ivory Tower | 4 | |
| Staff of Sanctuary | 1 | |
| Scroll of Protection | 1 | |
28 total
OoTNToO (
orange | 13 APM | 1203 actions | 96:09)
7 Mountain King
3 Storm Bolt
2 Bash
1 Avatar
1 Thunder Clap
» actions
| Basic commands | 6 | |
| Build / train | 83 | |
| Enter build submenu | 26 | |
| Enter hero's abilities submenu | 7 | |
| Remove unit from queue | 1 | |
| Right click | 625 | |
| Select / deselect | 380 | |
| Use ability | 75 | |
1203 total
» units
| Peasant | 31 | |
| Footman | 10 | |
| Rifleman | 14 | |
| Gryphon Rider | 4 | |
59 total
» upgrades
| Swords | 1 | |
| Plating | 1 | |
| Lumber Harvesting | 1 | |
| Gunpowder | 2 | |
| Long Rifles | 1 | |
6 total
» buildings
| Farm | 6 | |
| Altar of Kings | 1 | |
| Barracks | 2 | |
| Scout Tower | 5 | |
| Arcane Tower | 1 | |
| Blacksmith | 1 | |
| Lumber Mill | 2 | |
| Town Hall | 2 | |
| Keep | 1 | |
| Arcane Sanctum | 2 | |
| Guard Tower | 3 | |
| Gryphon Aviary | 1 | |
| Castle | 1 | |
| Arcane Vault | 1 | |
29 total
» build order
00:09 Farm
00:13 Altar of Kings
00:19 Barracks
00:49 Farm
01:34 Scout Tower
02:02 Farm
02:07 Arcane Tower
02:43 Farm
03:08 Blacksmith
03:34 Farm
03:39 Lumber Mill
04:33 Town Hall
05:25 Keep
06:59 Farm
08:20 Arcane Sanctum
09:06 Barracks
09:18 Scout Tower
10:42 Guard Tower
10:44 Scout Tower
11:18 Scout Tower
11:35 Gryphon Aviary
11:51 Guard Tower
12:24 Castle
13:12 Arcane Sanctum
13:39 Scout Tower
13:56 Arcane Vault
14:17 Guard Tower
20:53 Town Hall
21:04 Lumber Mill
» items
| Orb of Fire | 1 | |
| Potion of Healing | 1 | |
| Lesser Clarity Potion | 1 | |
3 total

»
BarDown (
green | 30 APM | 585 actions | 19:26)
3 Death Knight
1 Unholy Aura
2 Death Coil
» actions
| Assign group hotkey | 6 | |
| Basic commands | 2 | |
| Build / train | 38 | |
| Enter build submenu | 19 | |
| Enter hero's abilities submenu | 3 | |
| Right click | 265 | |
| Select / deselect | 223 | |
| Select group hotkey | 7 | |
| Use ability | 22 | |
585 total
» units
| Acolyte | 6 | |
| Ghoul | 5 | |
| Abomination | 8 | |
19 total
» upgrades
| Unholy Strength | 3 | |
| Unholy Armor | 3 | |
| Disease Cloud | 1 | |
7 total
» buildings
| Altar of Darkness | 1 | |
| Ziggurat | 9 | |
| Crypt | 1 | |
| Graveyard | 2 | |
| Halls of the Dead | 1 | |
| Slaughterhouse | 2 | |
| Black Citadel | 2 | |
| Nerubian Tower | 1 | |
| Spirit Tower | 4 | |
23 total
» build order
00:09 Altar of Darkness
00:11 Ziggurat
00:35 Crypt
01:07 Ziggurat
02:18 Graveyard
02:25 Graveyard
02:39 Ziggurat
03:11 Halls of the Dead
03:38 Ziggurat
03:58 Ziggurat
04:03 Ziggurat
05:07 Ziggurat
05:38 Slaughterhouse
05:42 Slaughterhouse
06:07 Black Citadel
06:47 Nerubian Tower
08:05 Black Citadel
08:13 Spirit Tower
08:14 Spirit Tower
08:16 Spirit Tower
08:43 Spirit Tower
13:49 Ziggurat
13:51 Ziggurat
EMMAWATSONUGLY (
red | 42 APM | 4685 actions | 112:41)
8 Blademaster
3 Wind Walk
3 Critical Strike
1 Bladestorm
1 Mirror Image
3 Shadow Hunter
2 Hex
1 Healing Wave
1 Paladin
1 Divine Shield
» actions
| Assign group hotkey | 93 | |
| Basic commands | 45 | |
| Build / train | 93 | |
| Enter build submenu | 29 | |
| Enter hero's abilities submenu | 13 | |
| Give item / drop item | 14 | |
| Remove unit from queue | 6 | |
| Right click | 2228 | |
| Select / deselect | 578 | |
| Select group hotkey | 1366 | |
| Use ability | 219 | |
4685 total
» units
| Peon | 22 | |
| Grunt | 3 | |
| Wind Rider | 10 | |
| Troll Batrider | 1 | |
| Demolisher | 5 | |
41 total
» upgrades
| Reinforced Defenses | 1 | |
| Ranged Weapons | 3 | |
| Armor | 2 | |
| Envenomed Spears | 2 | |
| Liquid Fire | 1 | |
| Burning Oil | 1 | |
| Ensnare | 1 | |
11 total
» buildings
| Altar of Storms | 1 | |
| Orc Burrow | 6 | |
| Barracks | 5 | |
| Stronghold | 2 | |
| Voodoo Lounge | 1 | |
| War Mill | 1 | |
| Great Hall | 2 | |
| Fortress | 2 | |
| Beastiary | 3 | |
| Watch Tower | 22 | |
45 total
» build order
00:07 Altar of Storms
00:21 Orc Burrow
00:37 Barracks
01:24 Orc Burrow
02:45 Stronghold
03:17 Voodoo Lounge
03:39 War Mill
03:54 Orc Burrow
04:31 Great Hall
05:32 Fortress
06:11 Beastiary
06:18 Beastiary
06:40 Orc Burrow
08:38 Watch Tower
08:38 Watch Tower
08:39 Watch Tower
10:20 Watch Tower
10:20 Watch Tower
10:21 Watch Tower
10:22 Watch Tower
10:36 Watch Tower
10:37 Watch Tower
11:25 Watch Tower
11:26 Watch Tower
13:18 Watch Tower
13:19 Watch Tower
13:20 Watch Tower
13:27 Watch Tower
14:09 Watch Tower
14:21 Beastiary
17:00 Watch Tower
17:00 Watch Tower
17:00 Watch Tower
17:02 Watch Tower
17:03 Watch Tower
17:03 Watch Tower
19:22 Orc Burrow
20:07 Great Hall
24:16 Orc Burrow
54:16 Barracks
54:22 Barracks
54:26 Barracks
55:52 Barracks
» items
| Healing Salve | 4 | |
| Scroll of Town Portal | 3 | |
| Staff of Teleportation | 1 | |
| Potion of Lesser Invulnerability | 2 | |
| Boots of Speed | 1 | |
| Tiny Great Hall | 1 | |
| Orb of Lightning | 1 | |
| Potion of Healing | 1 | |
| Potion of Mana | 1 | |
| Dust of Appearance | 1 | |
16 total
Chat log
(00:13 / All) EMMAWATSONUGLY: ya
(00:50 / All) EMMAWATSONUGLY: black star wars character wtf
(01:11 / All) EMMAWATSONUGLY: they made him a frontline soldier
(01:14 / All) EMMAWATSONUGLY: black
(01:15 / All) EMMAWATSONUGLY: get it
(01:40 / 10) THEPOUNDER.COM: were u at
(01:55 / 10) THEPOUNDER.COM: aight im top left
(02:25 / 10) THEPOUNDER.COM: aight after i read these books
(03:13 / Allies) EMMAWATSONUGLY: help me expo green plz
(03:54 / 10) THEPOUNDER.COM: aight lol he on the list
(04:39 / 10) THEPOUNDER.COM: aight on the way
(07:12 / Allies) EMMAWATSONUGLY: wood
(08:59 / Allies) BarDown: damn i need an expo
(10:19 / All) ltsChrisBaby: the fuck was that orange?
(10:21 / All) ltsChrisBaby: 3 of ur units for a tp?
(11:25 / Allies) OoTNToO: wood
(11:27 / Allies) OoTNToO: for gold
(11:50 / Allies) BarDown: thx man
(12:42 / Allies) BarDown: i need more time
(12:50 / Allies) EMMAWATSONUGLY: omw
(13:33 / All) Orange97: fucking blind
(14:05 / Allies) BarDown: lets go
(14:54 / Allies) BarDown: im useless against air
(15:02 / Allies) Orange97: dont
(15:03 / Allies) Orange97: next
(15:23 / Allies) OoTNToO: yu
(15:37 / All) EMMAWATSONUGLY: roma victor
(15:42 / Allies) BarDown: lets hit
(17:14 / All) BarDown: bad team is bad
(17:17 / All) ltsChrisBaby: lawl
(17:22 / All) ltsChrisBaby: you were raped to death
(17:32 / All) ltsChrisBaby: I lost literally nothing demolishing your whole base
(17:40 / All) EMMAWATSONUGLY: how the fuck is teal 19-5 rt
(17:44 / All) ltsChrisBaby: lmao
(17:47 / All) BarDown: i got a girl pregnant
(20:00 / All) EMMAWATSONUGLY: Fock didnt see
(20:05 / All) orcing2: lol ud making mass aboms
(20:09 / All) orcing2: wtf
(21:06 / Allies) Orange97: main
(22:38 / All) EMMAWATSONUGLY: bolt on skelly lol
(26:10 / All) orcing2: ouch
(26:11 / All) EMMAWATSONUGLY: mks imba
(26:31 / All) OoTNToO: lmso
(26:46 / All) EMMAWATSONUGLY: i expected more out of u teal, u were up against aboms
(28:12 / Allies) Orange97: gold me plz
(28:20 / Allies) Orange97: clear mid
(28:20 / Allies) Orange97: bot
(29:11 / Allies) Orange97: get mid
(29:19 / All) EMMAWATSONUGLY: thx blue
(29:23 / All) EMMAWATSONUGLY: tower worried me
(29:32 / All) THEPOUNDER.COM: just cleaning up some trash dont mind me
(29:40 / All) EMMAWATSONUGLY: i dunt like trash
(29:55 / All) THEPOUNDER.COM: its a real eyesore
(30:32 / All) orcing2: fucking pink playing against us
(30:43 / Allies) Orange97: gold me
(30:45 / All) EMMAWATSONUGLY: dont spreads rumors
(30:46 / All) EMMAWATSONUGLY: teal
(30:54 / All) EMMAWATSONUGLY: pink canceled out green
(30:55 / Allies) Orange97: orc
(30:56 / All) EMMAWATSONUGLY: he did his job
(30:58 / All) EMMAWATSONUGLY: eye for an eye
(30:59 / Allies) Orange97: 18k gold
(31:00 / Allies) Orange97: wtf
(31:11 / Allies) Orange97: gold em plz
(31:12 / Allies) OoTNToO: let me haevv some
(31:12 / Allies) Orange97: orc
(31:17 / All) THEPOUNDER.COM: teal is mad cuz he hacks and we called him out on it lolol
(31:18 / All) EMMAWATSONUGLY: my name isnt orc
(31:20 / All) EMMAWATSONUGLY: its jake
(31:27 / All) EMMAWATSONUGLY: teal hacks LOL
(31:31 / All) EMMAWATSONUGLY: teal u nigger
(31:39 / All) orcing2: I do not
(31:45 / All) ltsChrisBaby: LOL
(31:46 / Allies) Orange97: gold me or not
(31:48 / All) orcing2: how do I hack?
(31:48 / All) ltsChrisBaby: FUCKING NOOOOOOB
(31:49 / Allies) Orange97: we lost
(31:49 / All) ltsChrisBaby: LOL
(31:52 / All) ltsChrisBaby: it's obvious
(31:53 / All) ltsChrisBaby: lol
(31:57 / Allies) OoTNToO: jake
(31:59 / Allies) OoTNToO: gold me plz
(32:03 / All) EMMAWATSONUGLY: oj called me jake lol
(32:06 / All) ltsChrisBaby: hacker trash LMAO
(32:14 / All) orcing2: obvious LOL
(32:18 / All) orcing2: right
(32:21 / Allies) OoTNToO: i gave you gold earlyer
(32:22 / All) ltsChrisBaby: you are
(32:24 / Allies) OoTNToO: i want some back
(32:26 / All) ltsChrisBaby: an obvious hacker
(32:42 / All) ltsChrisBaby: u can deny it but it's ok to be honest with us
(32:46 / All) orcing2: I must be good to have ppl thinking that
(32:50 / All) orcing2: haha
(32:57 / All) THEPOUNDER.COM: its like a 15 year old game we wont judge lols
(33:06 / All) ltsChrisBaby: haha
(33:14 / All) EMMAWATSONUGLY: its full of hackers we wouldnt blame u teal,
(33:15 / All) orcing2: I don't hack.
(33:21 / Allies) Orange97: teal
(33:22 / All) EMMAWATSONUGLY: however lying makes baby jesus cry
(33:25 / Allies) Orange97: gold plz
(33:34 / All) orcing2: why do you say I do?
(33:39 / All) orcing2: I am curious
(33:45 / All) EMMAWATSONUGLY: if pink and blue said u do, u do then.
(33:46 / All) orcing2: because I really don't
(34:19 / All) EMMAWATSONUGLY: damn matty
(34:22 / All) EMMAWATSONUGLY: gtfo out my base
(34:47 / All) EMMAWATSONUGLY: ill let u keep a hero matty
(34:49 / All) EMMAWATSONUGLY: noting more
(34:59 / All) ltsChrisBaby: are we all on a first name basis here?
(35:05 / Allies) Orange97: teal
(35:09 / Allies) Orange97: so you are gonna 1vs3?
(35:59 / All) Orange97: teal has 22k gold
(36:00 / All) Orange97: lol
(36:06 / All) EMMAWATSONUGLY: red u mean
(36:09 / All) Orange97: and he's not willing to share
(36:25 / All) ltsChrisBaby: That'sd too bad for you isnt it
(36:28 / All) EMMAWATSONUGLY: plz dont insult me by calling me teal
(36:30 / All) EMMAWATSONUGLY: i dont hack
(36:46 / All) THEPOUNDER.COM: lmao
(37:03 / Allies) Orange97: come to me
(37:07 / Allies) Orange97: lets kill bm
(37:11 / All) EMMAWATSONUGLY: incredible stomps purple
(37:27 / Allies) Orange97: ok, jake
(37:29 / Allies) Orange97: could you plz share
(37:32 / Allies) Orange97: win or lose this game
(37:38 / Allies) Orange97: i'll just quit then
(37:39 / Allies) Orange97: waste of time
(37:44 / All) EMMAWATSONUGLY: how much gold
(37:48 / Allies) EMMAWATSONUGLY: yellow
(37:55 / Allies) EMMAWATSONUGLY: 1k ok?
(37:57 / Allies) Orange97: get hi,
(38:25 / All) ltsChrisBaby: took ur gryphon yellow
(38:54 / Allies) Orange97: lets go
(39:29 / All) OoTNToO: yawn
(41:04 / Allies) Orange97: let me have this expo plz
(41:17 / Allies) EMMAWATSONUGLY: y didnt u choose the one by ur base
(41:25 / Allies) Orange97: too far
(41:30 / Allies) Orange97: easier to defense
(42:38 / All) OoTNToO: red playingwith his limp dick all game
(42:43 / All) OoTNToO: we could of won game an hour ago
(42:48 / All) ltsChrisBaby: could of
(42:53 / All) ltsChrisBaby: but you didn't did you?
(42:56 / All) THEPOUNDER.COM: red is totally nub lol
(42:56 / All) orcing2: I d trade red for pink yo
(42:58 / All) EMMAWATSONUGLY: u act like ive been useless
(43:07 / All) EMMAWATSONUGLY: i totally scared off purple's tauren with my aa
(43:44 / All) EMMAWATSONUGLY: another incredible stomp purp
(44:38 / All) EMMAWATSONUGLY: teal's a smart lad
(44:40 / All) EMMAWATSONUGLY: going for that copter
(44:59 / All) mattybatty: baby all i want for christmas is you
(45:19 / Allies) Orange97: i really dont
(45:31 / Allies) Orange97: i dont understand
(45:39 / Allies) Orange97: do you wanna win or not
(45:39 / Allies) EMMAWATSONUGLY: dude
(45:46 / Allies) Orange97: if you dont
(45:49 / Allies) Orange97: i can quit now
(45:53 / Allies) Orange97: then you can enojy the game
(45:55 / Allies) EMMAWATSONUGLY: we are winning this; we've been winning for the past 30 min
(45:56 / Allies) EMMAWATSONUGLY: fine lets
(45:58 / Allies) EMMAWATSONUGLY: go kill purple
(46:06 / Allies) OoTNToO: ty
(46:15 / Allies) Orange97: i ahve no gold
(46:17 / Allies) EMMAWATSONUGLY: kill my expo and expo there yellow
(46:18 / Allies) Orange97: if you dont share
(46:22 / Allies) EMMAWATSONUGLY: and lets hit purle
(46:44 / Allies) EMMAWATSONUGLY: come
(47:01 / Allies) EMMAWATSONUGLY: kill my hall then yellow
(47:02 / Allies) EMMAWATSONUGLY: take it
(47:15 / Allies) Orange97: kill this fisrt
(49:57 / All) ltsChrisBaby: stole your worker yellow!
(50:18 / Allies) EMMAWATSONUGLY: come
(50:20 / Allies) EMMAWATSONUGLY: hit purple
(50:24 / Allies) Orange97: i have no units
(50:42 / All) EMMAWATSONUGLY: god i cant reach tels peon
(51:09 / All) ltsChrisBaby: yellow are you having as much fun as I am?
(51:16 / All) ltsChrisBaby: I'm taking all your units LOL
(51:34 / All) ltsChrisBaby: thanks, another hawk
(51:41 / All) ltsChrisBaby: can't get my dr!
(51:54 / All) EMMAWATSONUGLY: dr dies quick as hell to mk pally lawl
(52:09 / All) Orange97: have fun with our fucking useless teal
(52:16 / All) Orange97: oh wait, Plz call him Jake, lmfao
(52:21 / All) ltsChrisBaby: lol
(52:21 / All) EMMAWATSONUGLY: wtf lol
(52:25 / All) EMMAWATSONUGLY: tht made no sense
(52:27 / All) ltsChrisBaby: lmfao
(53:03 / All) ltsChrisBaby: one more for good measure
(53:27 / All) ltsChrisBaby: damn I have all these hawks now
(53:33 / All) ltsChrisBaby: I don't even want them, I just wanted to take them
(53:44 / All) ltsChrisBaby: time to get orc stuff I guess
(55:02 / All) EMMAWATSONUGLY: this is the kind of game where u fondle urself
(55:45 / All) orcing2: mass catas?
(57:55 / All) ltsChrisBaby: hmmm
(57:56 / All) ltsChrisBaby: guys
(57:59 / All) ltsChrisBaby: what orc hero should I get?
(58:12 / All) THEPOUNDER.COM: mass far sight
(58:12 / All) EMMAWATSONUGLY: shadow hunter
(58:18 / All) THEPOUNDER.COM: no cooldown
(58:19 / All) ltsChrisBaby: yea I was thinking sh too
(59:25 / All) EMMAWATSONUGLY: anyniggas have borderlands 2 here for pc
(59:27 / All) EMMAWATSONUGLY: considering it
(59:35 / All) ltsChrisBaby: I have it but it's not my thing
(59:36 / All) THEPOUNDER.COM: it aight
(59:37 / All) EMMAWATSONUGLY: diablo 3 also
(60:15 / All) EMMAWATSONUGLY: i would get it for ps3 but they dupe like crazy on consoles
(60:35 / All) ltsChrisBaby: got my sh
(62:04 / All) ltsChrisBaby: humans and orc workers working side by side
(62:08 / All) ltsChrisBaby: it's like the end of the campaign
(62:54 / All) EMMAWATSONUGLY: focking purple
(62:56 / All) EMMAWATSONUGLY: using meld
(63:47 / All) ltsChrisBaby: I need XP for my sh
(63:50 / All) ltsChrisBaby: all the creeps are crept
(65:12 / All) EMMAWATSONUGLY: bizatch
(65:23 / All) EMMAWATSONUGLY: peyton manning #1 brock #2
(65:31 / All) ltsChrisBaby: I think you owe me some SH xp for that
(65:32 / All) ltsChrisBaby: eh?
(65:33 / All) ltsChrisBaby: eh?
(65:52 / All) THEPOUNDER.COM: brock such a hunk tho
(66:24 / All) EMMAWATSONUGLY: i would do brock
(66:44 / All) EMMAWATSONUGLY: wehre u at matty ice
(66:49 / All) mattybatty: hehehe
(67:07 / All) ltsChrisBaby: almost halfway to level 2 sh
(67:14 / All) EMMAWATSONUGLY: lets make this a standoff?
(67:18 / All) EMMAWATSONUGLY: one ally is still here for me
(68:21 / All) ltsChrisBaby: I have neutral hero, orc hero, human hero on ladder
(68:28 / All) ltsChrisBaby: I am a beast
(68:52 / All) EMMAWATSONUGLY: i need a good zombie movie
(69:14 / All) ltsChrisBaby: standoff?
(69:20 / All) ltsChrisBaby: wow those gave shit xp
(69:58 / All) EMMAWATSONUGLY: ya standofff
(70:12 / All) EMMAWATSONUGLY: teal really needs the loss tho he doesnt deserve to be 19-5
(70:16 / All) EMMAWATSONUGLY: plus he hax
(70:29 / All) orcing2: why is that?
(70:30 / All) THEPOUNDER.COM: very obvious hacker lol
(70:34 / All) orcing2: I plyed fine
(70:59 / All) orcing2: you re dumb thinking that
(71:09 / All) orcing2: I d 1v1 beat any one here
(71:10 / All) EMMAWATSONUGLY: im a lot of these, being dum is not one of them
(71:13 / All) orcing2: easy
(71:18 / All) THEPOUNDER.COM: ill 1v1 u
(71:19 / All) ltsChrisBaby: lol ok teal
(71:26 / All) ltsChrisBaby: showmatch you and blue?
(71:27 / All) ltsChrisBaby: I can host
(71:28 / All) EMMAWATSONUGLY: leave the game and we'll host
(71:36 / All) orcing2: sure
(71:38 / All) orcing2: lets go
(71:41 / All) EMMAWATSONUGLY: meet in channel nigger teal
(71:43 / All) ltsChrisBaby: okay
(71:45 / All) ltsChrisBaby: after this match'
(71:48 / All) EMMAWATSONUGLY: u gotta leave firsttho
(71:50 / All) ltsChrisBaby: meet in channel nigger
(71:59 / All) orcing2: how stupid do you think I am
(72:10 / All) EMMAWATSONUGLY: u arent in control fool
(72:11 / All) ltsChrisBaby: pretty stupid
(72:13 / All) EMMAWATSONUGLY: we have no reason to lie
(72:17 / All) ltsChrisBaby: but we're going to 1v1 you anyway
(72:26 / 10) THEPOUNDER.COM: can maybe host turtle cock for this guy
(72:37 / All) orcing2: all I see is liers and trolls
(73:18 / 10) THEPOUNDER.COM: dam i cant believe you've never done this to anyone. its turtle rock with a pic of a giant dick as the map preview
(74:20 / All) orcing2: ok I am gonna go play wow now. Have fun assholes
(74:25 / All) EMMAWATSONUGLY: lawl
(74:25 / All) ltsChrisBaby: lol
(74:26 / All) EMMAWATSONUGLY: what realm
(74:27 / All) ltsChrisBaby: what server
(74:29 / All) ltsChrisBaby: red plays wow
(74:37 / All) orcing2: why do you care
(74:38 / All) EMMAWATSONUGLY: i make rl money from wow
(74:46 / All) EMMAWATSONUGLY: ur supposed to duel blue
(74:47 / All) EMMAWATSONUGLY: fool
(74:51 / All) EMMAWATSONUGLY: u gave us ur word
(74:51 / All) ltsChrisBaby: he can duel you in wow
(74:54 / All) ltsChrisBaby: you said 1v1
(74:55 / All) orcing2: what is that to me?
(74:57 / All) ltsChrisBaby: so you two can 1v1 in wow
(74:59 / All) ltsChrisBaby: sound fair?
(75:05 / All) orcing2: well you trolls are taking forever
(75:11 / All) ltsChrisBaby: we're about done
(75:15 / All) ltsChrisBaby: give us just a minute more
(75:17 / All) THEPOUNDER.COM: breh u gotta 1v1 me
(75:30 / All) ltsChrisBaby: don't dodge blue
(75:47 / All) EMMAWATSONUGLY: teal if u dodge blue ill never ever forgive u
(76:02 / All) THEPOUNDER.COM: u will always be a pussy in my eyes
(76:07 / All) THEPOUNDER.COM: dont worry
(76:29 / All) ltsChrisBaby: MY STANDOFF
(76:30 / All) ltsChrisBaby: IS DONE
(76:39 / All) mattybatty: jesus what is this
(76:47 / All) THEPOUNDER.COM: lmao
(76:50 / All) ltsChrisBaby: SUBMIT YOUR TC FOR THE STANDOFF
(76:51 / All) ltsChrisBaby: BITCH
(77:18 / All) orcing2: who can host?
(77:23 / All) ltsChrisBaby: blue can I think
(77:25 / All) ltsChrisBaby: if not I can
(77:39 / All) ltsChrisBaby: purps fucking tc needs to die
(77:43 / All) orcing2: ok end this and lets play
(77:46 / All) mattybatty: no be nice
(77:53 / All) ltsChrisBaby: ITS A STANDOFF YOU PRICK
(77:53 / All) orcing2: I am bored here
(77:56 / All) ltsChrisBaby: ALL UNITS NEED TO DIE
(78:03 / All) ltsChrisBaby: Teal
(78:04 / All) ltsChrisBaby: Calm down
(78:07 / All) ltsChrisBaby: 1v1 is very soon
(78:10 / All) ltsChrisBaby: Don't be a pussy and dodge
(78:11 / All) EMMAWATSONUGLY: dead tc
(78:28 / All) EMMAWATSONUGLY: standoff done m yside, no units or burrows
(78:48 / All) mattybatty: thats the island greeting that we send to you
(78:53 / All) mattybatty: from land where palm trees sway
(83:01 / 10) THEPOUNDER.COM: no this is more dramatic
(83:03 / All) EMMAWATSONUGLY: tis quiet
(83:07 / All) EMMAWATSONUGLY: wut u guys doing
(83:08 / All) EMMAWATSONUGLY: lawl
(83:10 / All) ltsChrisBaby: chode taking forever to kill the tc
(83:19 / All) ltsChrisBaby: he isn't using ww or anything
(83:23 / All) EMMAWATSONUGLY: u said it was done ur side so i assumed his hero was dead
(83:29 / All) ltsChrisBaby: or his bats
(83:44 / All) ltsChrisBaby: not sure chode is even here
(85:15 / All) mattybatty: thx for boots of speed :)
(85:44 / Allies) EMMAWATSONUGLY: ghx
(86:48 / All) mattybatty: i wanna wish you a merry christmas
(86:53 / All) mattybatty: from the bottom of my heart
(86:55 / All) EMMAWATSONUGLY: thx
(87:13 / All) EMMAWATSONUGLY: im gonna watch rome message me on steam when game is over
(87:22 / All) ltsChrisBaby: this hero chase
(87:24 / All) ltsChrisBaby: will never be over
(87:25 / All) ltsChrisBaby: lawl
(87:27 / All) mattybatty: i listening to xmas music
(87:34 / All) EMMAWATSONUGLY: drummer boy is best xmas song
(88:04 / All) mattybatty: Feliz navidad
(88:08 / All) THEPOUNDER.COM: taur runetotem has proven quite capable
(88:13 / All) mattybatty: prospero ano y felicidad
(89:12 / All) THEPOUNDER.COM: brb getting high
(89:37 / All) mattybatty: Hes making a list
(89:40 / All) mattybatty: hes checking it twice
(89:46 / All) mattybatty: is coming to town
(89:49 / All) mattybatty: Santa claus is coming
(89:51 / All) mattybatty: to town
(90:51 / All) mattybatty: i dont tk
(92:15 / All) mattybatty: i been on this stupid game since it came out lol
(92:48 / All) THEPOUNDER.COM: turtle rock ok for this 1v1?
(93:01 / All) ltsChrisBaby: can I obs?
(93:22 / All) THEPOUNDER.COM: yea obs welcum
(93:39 / All) ltsChrisBaby: want to leave and host it now?
(93:51 / All) THEPOUNDER.COM: yea i will go host
(93:55 / All) THEPOUNDER.COM: gn: doo doo butter
(93:59 / All) ltsChrisBaby: k